 Dungeon Crawl Stone Soup version 0.30-a0-141-g30f27751c5 (webtiles) character file.

Game seed: 5674682474611419026

176258 qw the Peltast (level 18, -29/114 HPs)
             Began as a Gargoyle Fighter on Sept 25, 2022.
             Was a High Priest of Okawaru.
             Killed from afar by Mara (illusionary) (76 damage)
             ... with a bolt of fire
             ... on level 3 of the Spider Nest.
             The game lasted 00:14:08 (34101 turns).

qw the Peltast (Gargoyle Fighter)                  Turns: 34101, Time: 00:14:09

Health: -29/114    AC: 58    Str: 30    XL:     18   Next: 12%
Magic:  21/25      EV: 14    Int: 11    God:    Okawaru [*****.]
Gold:   993        SH: 28    Dex: 15    Spells: 17/17 levels left

rFire   . . .      SeeInvis +    C - +5 broad axe (elec)
rCold   . . .      Faith    .    B - +0 tower shield
rNeg    + + .      Spirit   .    y - +4 crystal plate armour of the Zebra {Drain Str+4}
rPois   inf        Reflect  +    u - +2 helmet {SInv}
rElec   +          Harm     .    c - +2 cloak {Will+}
rCorr   .          Rampage  .    x - +0 pair of gloves "Luatt" {+Inv rPois rN+}
Will    ++...                    a - +2 pair of boots
Stlth   ..........               e - amulet of reflection
HPRegen 0.29/turn                t - +6 ring of dexterity
MPRegen 0.19/turn                q - +4 ring of evasion

@: heroic, finesse-ful, flying
A: sickness immunity, AC +13, big wings, negative energy resistance 1,
electricity resistance, torment resistance 1, petrification resistance
a: Renounce Religion, Evoke Invisibility, Heroism, Finesse, Duel


You were on level 3 of the Spider Nest.
You worshipped Okawaru.
Okawaru was extremely pleased with you.
You visited 5 branches of the dungeon, and saw 28 of its levels.

You collected 2729 gold pieces.
You spent 1736 gold pieces at shops.


Innate Abilities, Weirdness & Mutations

You are immune to sickness and miasma.
Your stone body is resilient. (AC +13)
You are immune to poison.
Your large and strong wings let you fly.
You resist negative energy. (rN+)
You are resistant to electric shocks. (rElec)
You are resistant to unholy torment.
You are immune to petrification.


   Skills:
 - Level 13.0(18.0) Fighting
 - Level 17.0(22.0) Axes
 - Level 7.0(12.0) Throwing
 + Level 15.6(20.6) Armour
 - Level 4.0(9.0) Dodging
 - Level 17.3(22.3) Shields
 - Level 10.0 Invocations


You had 17 spell levels left.
You didn't know any spells.
Your spell library was empty.

Inventory:

Hand Weapons
 C - a +5 broad axe of electrocution (weapon)
Missiles
 p - 2 silver javelins (quivered)
 s - 15 boomerangs
 v - 3 javelins
Armour
 a - a +2 pair of boots (worn)
 c - a +2 cloak of willpower (worn)
 u - a +2 helmet of see invisible (worn)
 x - the +0 pair of gloves "Luatt" (worn) {+Inv rPois rN+}
   (Okawaru gifted it to you on level 2 of the Lair of Beasts)

   rPois:     It protects you from poison.
   rN:        It protects you from negative energy.
   +Inv:      It lets you turn invisible.
 y - the +4 crystal plate armour of the Zebra (worn) {Drain Str+4}
   (Okawaru gifted it to you on level 1 of the Spider Nest)

   Str:       It affects your strength (+4).
   Drain:     It drains your maximum health when unequipped.
 B - a +0 tower shield (worn)
Jewellery
 e - an amulet of reflection (around neck)
 q - a +4 ring of evasion (right hand)
 r - a ring of see invisible
 t - a +6 ring of dexterity (left hand)
 A - the amulet of Ezerorgh {Spirit rC+ rN++ rCorr Slay-3}
   (You found it on level 12 of the Dungeon)

   [amulet of guardian spirit]

   It causes incoming damage to be divided between your reserves of health and
   magic.
   Slay:      It affects your accuracy & damage with ranged weapons and melee
   (-3).
   rC:        It protects you from cold.
   rN:        It greatly protects you from negative energy.
   rCorr:     It protects you from acid and corrosion.
Scrolls
 b - 2 scrolls of teleportation
 g - 8 scrolls of identify
Potions
 d - 8 potions of might
 f - 5 potions of mutation
 i - 8 potions of curing
 j - 3 potions of resistance
 l - 5 potions of haste
 n - 3 potions of attraction
 o - 3 potions of cancellation
 w - 2 potions of magic
 z - 7 potions of lignification

Dungeon Overview and Level Annotations

Branches:
Dungeon (15/15)            Temple (0/1) D:6            Lair (5/5) D:9
  Swamp (3/4) Lair:3       Spider (3/4) Lair:3        Slime (0/5) Lair:5
    Orc (2/2) D:9             Elf (0/3) Orc:2        Vaults (0/5) D:14
 Depths (0/4) D:15

Altars:
Cheibriados
Elyvilon
Okawaru
Qazlal
Ru
Wu Jian
Yredelemnul
Jiyva

Shops:
D:1 =[*   D:5 ***[   D:7 ?   D:10 *   Orc:2 :(??

Portals:
Trove: D:15 (give +3 storm dragon scales)

Annotations:
D:4 2 runed translucent doors, qw's ghost, amateur GrFi
D:9 1 runed translucent door, qw's ghost, novice GrFi
Lair:5 1 runed translucent door
Spider:3 Mara


Message History

Qw's illusion is lightly damaged.
Mara blinks!
You block qw's illusion's attack. Mara barely misses you.
You hit qw's illusion but do no damage.
Qw's illusion is lightly damaged.
You hit qw's illusion but do no damage.
Qw's illusion is lightly damaged.
You closely miss qw's illusion.
Qw's illusion is lightly damaged.
You block qw's illusion's attack.
Mara hits you from afar with a +6 demon trident of electrocution.
Mara blinks!
You miss qw's illusion.
Qw's illusion is lightly damaged.
You closely miss qw's illusion.
Qw's illusion is lightly damaged.
Mara hits you but does no damage. Qw's illusion completely misses you.
You closely miss qw's illusion.
Qw's illusion is lightly damaged.
You slice qw's illusion!!
Qw's illusion is moderately damaged.
You hit qw's illusion but do no damage.
Qw's illusion is moderately damaged.
Qw's illusion hits you but does no damage.
Mara closely misses you.
You hit qw's illusion but do no damage.
Qw's illusion is moderately damaged.
You hit qw's illusion.
Qw's illusion is moderately damaged.
Qw's illusion barely misses you. Mara hits you but does no damage.
You miss qw's illusion.
Qw's illusion is moderately damaged.
You closely miss qw's illusion.
Qw's illusion is moderately damaged.
You hit qw's illusion but do no damage.
Qw's illusion is moderately damaged.
Qw's illusion hits you but does no damage.
Mara gestures at you. The bolt of fire hits you!!!!
Ouch! That really hurt!
You die...

..<......##.### [##.
........##..^.# ......
.......##.....## ......
.#......##.....###....^
.#.............^#...^###
.#..............#:....^#
.......................#
....###...........^....#
......####..#...@.....#
...^^..^#.....#^.@R....#
.#.....##.....#.......##
..............#.......#
..%.....!.......R...###
.............#.^.....
.........#.. #.......#
.^.....### ##.##...#
.....^##


You could see 2 Maras and qw's illusion.

Vanquished Creatures
  Rupert (D:15)
  A thorn hunter (Swamp:3)
  2 frost giants
  2 broodmothers
  A stone giant (D:12)
  Nessos (D:15)
  An eleionoma (Swamp:1)
  4 bunyips
  2 ettins
  A spark wasp (Spider:2)
  Snorg (D:10)
  A shambling mangrove (Swamp:1)
  A quicksilver dragon zombie (D:15)
  A deep elf high priest (D:13)
  3 entropy weavers
  A jorogumo (Spider:2)
  Erica (D:8)
  2 catoblepae (Lair:5)
  8 hydras
  8 vault guards (D:14)
  A radroach (Spider:3)
  2 ogre magi (Orc:2)
  5 boulder beetles
  12 centaur warriors
  19 two-headed ogres
  6 alligators
  12 death yaks
  Sonja (D:11)
  5 spriggans
  An orc high priest (D:15)
  2 goliath frogs (Swamp:3)
  7 skeletal warriors
  Amaemon (D:9)
  5 steelbarb worms
  A sun moth (Spider:1)
  A spriggan druid (Swamp:3)
  2 deep trolls (Orc:2)
  A flayed ghost (D:13)
  3 pharaoh ants
  Pikel (D:9)
  3 deep elf pyromancers
  3 swamp dragons
  8 orb spiders
  2 phantasmal warriors
  A necromancer (D:15)
  2 oklob plants
  An iron dragon zombie (D:15)
  2 lindwurms (Lair:5)
  12 wolf spiders
  6 ugly things
  4 manticores
  A will-o-the-wisp (Swamp:2)
  8 cyclopes
  21 slime creatures
  3 moths of wrath
  Joseph (D:10)
  7 black mambas
  7 elephants
  A fire giant skeleton (D:15)
  2 gargoyles (D:12)
  12 cane toads
  Maggie (Lair:1)
  An orange demon (D:10)
  7 torpor snails
  A spriggan zombie (D:15)
  4 rime drakes
  6 komodo dragons
  3 demonic crawlers
  10 meliai
  14 polar bears
  22 tarantellas
  12 trolls
  9 hornets
  6 tyrant leeches
  2 raiju (Lair:5)
  9 blink frogs
  20 jumping spiders
  17 culicivoras
  3 shadows
  9 wyverns
  2 water elementals (D:13)
  3 wraiths
  63 yaks
  A vampire (D:11)
  A steam dragon (D:9)
  5 basilisks
  33 redbacks
  5 vampire mosquitoes
  7 wargs
  An acid dragon (D:13)
  11 swamp worms
  18 water moccasins
  15 hell hounds (Lair:5)
  4 swamp drakes (Swamp:3)
  14 black bears
  4 ice beasts
  8 orc warriors
  A meliai simulacrum (D:12)
  13 centaurs
  19 ogres
  4 boggarts (D:13)
  31 wolves
  2 phantoms
  13 bullfrogs
  2 gnoll sergeants
  4 scorpions
  A necrophage (D:7)
  5 wights (D:8)
  3 troll zombies (D:9)
  3 killer bees (Lair:3)
  3 howler monkeys
  3 electric eels
  2 gnoll boudas
  2 jellies
  3 hounds
  12 orc priests
  3 iguanas
  4 hell rats (Lair:5)
  13 orc wizards
  4 ogre zombies (D:9)
  2 adders (D:6)
  11 gnolls
  A shadow imp (D:5)
  3 white imps
  An ufetubus (D:6)
  A worm (D:2)
  2 dart slugs
  51 orcs
  3 ball pythons (D:1)
  6 endoplasms
  2 giant cockroaches (D:2)
  8 goblins
  4 hobgoblins
  6 jackals
  6 kobolds
  4 quokkas
  5 bats
  2 frilled lizards
  3 goblin skeletons (D:9)
  2 hobgoblin skeletons (D:9)
  3 hobgoblin zombies (D:9)
  2 orc skeletons (D:9)
  14 orc zombies (D:9)
  6 rats
887 creatures vanquished.

Vanquished Creatures (others)
  2 bloated husks
  A water elemental (D:13)
  A gnoll (D:9)
  2 foxfires (Swamp:2)
  14 fungi
  52 plants
  3 withered plants (D:15)
75 creatures vanquished.

Grand Total: 962 creatures vanquished

Notes
Turn   | Place    | Note
-------+----------+-------------------------------------------
     0 | D:1      | qw the Gargoyle Fighter began the quest for the Orb.
     0 | D:1      | Reached XP level 1. HP: 14/14 MP: 1/1
     0 | D:1      | 0 ||| qw: Version: 0.2-a-10-g399e6c4
     0 | D:1      | 0 ||| qw: Game counter: 323
     0 | D:1      | 0 ||| qw: Always use a shield: true
     0 | D:1      | 0 ||| qw: God list: Okawaru
     0 | D:1      | 0 ||| qw: Allow faded altars: false
     0 | D:1      | 0 ||| qw: Do Orc after D:15 true
     0 | D:1      | 0 ||| qw: Do second Lair branch before Depths: true
     0 | D:1      | 0 ||| qw: Lair rune preference: random
     0 | D:1      | 0 ||| qw: Plans: Normal, Zot:1-4, God:TSO, Crypt, Tomb,
                  | Pan, Slime:5, Hells, Abyss, Orb
     0 | D:1      | 0 ||| PLANNING D:1-11
     5 | D:1      | Found Lemon's Assorted Antiques.
    30 | D:1      | 30 ||| SHOPLISTING 2 fizzy green potions (43 gold, have 0).
    30 | D:1      | 30 ||| SHOPLISTING potion of might (96 gold, have 0).
    30 | D:1      | 30 ||| SHOPLISTING scroll labelled GOIW KUEPUSAWK (24 gold,
                  | have 0).
    30 | D:1      | 30 ||| SHOPLISTING scroll labelled QOS VOJONLUF (24 gold,
                  | have 0).
    30 | D:1      | 30 ||| SHOPLISTING scroll labelled SUMITYCWUO (24 gold,
                  | have 0).
    45 | D:1      | Found Afif's Armour Boutique.
    56 | D:1      | 56 ||| SHOPLISTING +0 chain mail (58 gold, have 0).
    56 | D:1      | 56 ||| SHOPLISTING +0 helmet (58 gold, have 0).
    56 | D:1      | 56 ||| SHOPLISTING +1 cloak of willpower (214 gold, have
                  | 0).
    56 | D:1      | 56 ||| SHOPLISTING +1 robe of Vines {NoPotionHeal
                  | Regen++++} (1040 gold, have 0).
    99 | D:1      | Found Jinucysm's Jewellery Shop.
   116 | D:1      | 116 ||| SHOPLISTING ring of ice (300 gold, have 20).
   116 | D:1      | 116 ||| SHOPLISTING ring of protection from cold (300 gold,
                  | have 20).
   116 | D:1      | 116 ||| SHOPLISTING ring of protection from fire (300 gold,
                  | have 20).
   116 | D:1      | 116 ||| SHOPLISTING ring of resist corrosion (240 gold,
                  | have 20).
   137 | D:1      | Reached XP level 2. HP: 11/19 MP: 2/2
   306 | D:1      | 306 ||| Stepping ~*~*~tactically~*~*~ (hiding).
   342 | D:1      | 342 ||| Stepping ~*~*~tactically~*~*~ (stealth).
   343 | D:1      | 343 ||| Stepping ~*~*~tactically~*~*~ (stealth).
   352 | D:1      | 352 ||| Stepping ~*~*~tactically~*~*~ (stealth).
   353 | D:1      | 353 ||| Stepping ~*~*~tactically~*~*~ (stealth).
   471 | D:1      | 471 ||| Stepping ~*~*~tactically~*~*~ (stealth).
   474 | D:1      | Reached skill level 3 in Axes
   851 | D:1      | 851 ||| UPGRADING to amulet of reflection.
   856 | D:1      | 856 ||| READING scroll labelled REOHUCOUCY.
   857 | D:1      | 857 ||| READING scroll labelled KEFADIE JEQO.
   858 | D:1      | 858 ||| READING scroll labelled HELOOPNIHOSCH.
   859 | D:1      | 859 ||| READING scroll labelled SUMITYCWUO.
   871 | D:2      | Reached XP level 3. HP: 23/23 MP: 3/3
   923 | D:2      | Found a faded altar of an unknown god.
  1327 | D:2      | 1327 ||| DROPPING +0 club.
  1580 | D:2      | 1580 ||| Stepping ~*~*~tactically~*~*~ (stealth).
  1744 | D:2      | 1744 ||| READING scroll labelled KAKIYM YBRO.
  1745 | D:2      | 1745 ||| READING 2 scrolls labelled GOIW KUEPUSAWK.
  1749 | D:2      | 1749 ||| READING 2 scrolls of identify.
  1749 | D:2      | 1749 ||| IDENTIFYING bubbling inky potion
  1781 | D:3      | 1781 ||| STAIRDANCE
  2063 | D:3      | Reached XP level 4. HP: 28/28 MP: 4/4
  2436 | D:3      | 2436 ||| UPGRADING to +0 pair of boots.
  2441 | D:3      | 2441 ||| UPGRADING to ring of willpower.
  2442 | D:3      | 2442 ||| READING scroll labelled ZAPATOETAH.
  2529 | D:4      | Noticed a water moccasin
  2536 | D:4      | Killed a water moccasin
  2537 | D:4      | Reached XP level 5. HP: 19/32 MP: 5/5
  2764 | D:4      | Found a large runed translucent door.
  2764 | D:4      | Found a large runed translucent door.
  2768 | D:4      | Noticed qw's ghost (amateur GrFi)
  2899 | D:4      | Found an iron altar of Okawaru.
  2900 | D:4      | 2900 ||| PLANNING OKAWARU WORSHIP
  2900 | D:4      | 2900 ||| DROPPING +1 leather armour of cold resistance.
  2901 | D:4      | 2901 ||| UPGRADING to +0 chain mail.
  2911 | D:4      | 2911 ||| DROPPING +0 scale mail.
  2912 | D:4      | 2912 ||| READING scroll labelled URASOEPPAYN.
  2913 | D:4      | 2913 ||| READING scroll labelled NEFRAGUGOY.
  2914 | D:4      | 2914 ||| READING scroll labelled GAIFERAORI.
  2972 | D:4      | 2972 ||| DRINKING 2 fizzy green potions.
  2973 | D:4      | 2973 ||| DRINKING 2 glowing grey potions.
  2974 | D:4      | 2974 ||| READING 2 scrolls of identify.
  2974 | D:4      | 2974 ||| IDENTIFYING murky green potion
  2982 | D:4      | Found a stormy altar of Qazlal.
  3003 | D:4      | Became a worshipper of Warmaster Okawaru
  3004 | D:4      | 3004 ||| PLANNING D:1-11
  3033 | D:4      | 3033 ||| Stepping ~*~*~tactically~*~*~ (stealth).
  3038 | D:4      | 3038 ||| Stepping ~*~*~tactically~*~*~ (stealth).
  3040 | D:4      | 3040 ||| Stepping ~*~*~tactically~*~*~ (stealth).
  3041 | D:4      | 3041 ||| Stepping ~*~*~tactically~*~*~ (stealth).
  3046 | D:4      | 3046 ||| Stepping ~*~*~tactically~*~*~ (stealth).
  3048 | D:4      | 3048 ||| Stepping ~*~*~tactically~*~*~ (stealth).
  3298 | D:4      | Noticed an ice beast
  3312 | D:4      | Killed an ice beast
  3313 | D:4      | Reached XP level 6. HP: 27/40 MP: 6/6
  3420 | D:4      | 3420 ||| READING scroll of enchant weapon.
  3420 | D:4      | 3420 ||| ENCHANTING +1 war axe.
  3566 | D:4      | 3566 ||| DROPPING amulet of the acrobat.
  3592 | D:5      | Entered Level 5 of the Dungeon
  3611 | D:5      | Noticed an ice beast
  3620 | D:5      | Killed an ice beast
  3727 | D:5      | Found an ornate altar of the Wu Jian Council.
  3767 | D:5      | Reached * piety under Okawaru
  3768 | D:5      | Reached XP level 7. HP: 44/44 MP: 7/7
  3880 | D:5      | 3880 ||| INVOKING Heroism.
  3885 | D:5      | 3885 ||| Stepping ~*~*~tactically~*~*~ (stealth).
  3891 | D:5      | 3891 ||| INVOKING Heroism.
  3896 | D:5      | Reached skill level 6 in Axes
  3896 | D:5      | 3896 ||| Stepping ~*~*~tactically~*~*~ (stealth).
  3901 | D:5      | 3901 ||| FLEEEEING.
  3902 | D:5      | 3902 ||| FLEEEEING.
  3903 | D:5      | 3903 ||| FLEEEEING.
  3904 | D:5      | 3904 ||| FLEEEEING.
  3905 | D:5      | 3905 ||| FLEEEEING.
  3906 | D:5      | 3906 ||| FLEEEEING.
  3907 | D:5      | 3907 ||| FLEEEEING.
  3908 | D:5      | 3908 ||| FLEEEEING.
  3909 | D:5      | 3909 ||| FLEEEEING.
  3910 | D:5      | 3910 ||| FLEEEEING.
  3911 | D:5      | 3911 ||| FLEEEEING.
  4021 | D:5      | Found a snail-covered altar of Cheibriados.
  4026 | D:5      | 4026 ||| Stepping ~*~*~tactically~*~*~ (hiding).
  4167 | D:5      | Found Kixu's General Store.
  4175 | D:5      | Found Elew's General Store.
  4181 | D:5      | 4181 ||| INVOKING Heroism.
  4182 | D:5      | 4182 ||| INVOKING Heroism.
  4192 | D:5      | Reached skill level 1 in Invocations
  4192 | D:5      | 4192 ||| INVOKING Heroism.
  4223 | D:5      | Found Highiuson's Armour Shoppe.
  4228 | D:5      | Found Xydwe's General Store.
  4232 | D:5      | 4232 ||| SHOPLISTING +2 cloak of willpower (301 gold, have
                  | 253).
  4232 | D:5      | 4232 ||| SHOPLISTING ring of resist corrosion (280 gold,
                  | have 253).
  4232 | D:5      | 4232 ||| BUYING scroll of identify (28 gold).
  4232 | D:5      | Bought a scroll of identify for 28 gold pieces
  4235 | D:5      | 4235 ||| BUYING +0 helmet of see invisible (161 gold).
  4235 | D:5      | Bought a +0 helmet of see invisible for 161 gold pieces
  4235 | D:5      | 4235 ||| SHOPLISTING +1 chain mail of poison resistance
                  | (189 gold, have 64).
  4235 | D:5      | 4235 ||| SHOPLISTING +1 chain mail of willpower (231 gold,
                  | have 64).
  4238 | D:5      | 4238 ||| SHOPLISTING 3 scrolls of identify (72 gold, have
                  | 64).
  4238 | D:5      | 4238 ||| SHOPLISTING potion of resistance (120 gold, have
                  | 64).
  4238 | D:5      | 4238 ||| SHOPLISTING wand of digging (7) (352 gold, have
                  | 64).
  4241 | D:5      | 4241 ||| BUYING potion of might (52 gold).
  4241 | D:5      | Bought a potion of might for 52 gold pieces
  4241 | D:5      | 4241 ||| SHOPLISTING scroll of identify (26 gold, have 12).
  4268 | D:5      | 4268 ||| Stepping ~*~*~tactically~*~*~ (hiding).
  4272 | D:5      | 4272 ||| INVOKING Heroism.
  4280 | D:5      | Reached skill level 1 in Dodging
  4291 | D:5      | 4291 ||| Stepping ~*~*~tactically~*~*~ (stealth).
  4389 | D:5      | 4389 ||| INVOKING Heroism.
  4659 | D:5      | 4659 ||| INVOKING Heroism.
  4675 | D:5      | 4675 ||| INVOKING Heroism.
  4683 | D:5      | Reached skill level 3 in Invocations
  4683 | D:5      | Reached XP level 8. HP: 29/49 MP: 6/10
  4827 | D:5      | 4827 ||| UPGRADING to +0 helmet of see invisible.
  4832 | D:5      | 4832 ||| DROPPING amulet of regeneration.
  4833 | D:5      | 4833 ||| READING scroll labelled MUNO ALYPI.
  4834 | D:5      | 4834 ||| READING 2 scrolls of identify.
  4834 | D:5      | 4834 ||| IDENTIFYING purple potion
  4835 | D:5      | 4835 ||| DROPPING potion of brilliance.
  4861 | D:6      | Found a staircase to the Ecumenical Temple.
  5043 | D:6      | 5043 ||| Stepping ~*~*~tactically~*~*~ (hiding).
  5045 | D:6      | 5045 ||| INVOKING Heroism.
  5053 | D:6      | Reached skill level 1 in Throwing
  5053 | D:6      | 5053 ||| Stepping ~*~*~tactically~*~*~ (hiding).
  5372 | D:6      | 5372 ||| INVOKING Heroism.
  5442 | D:6      | 5442 ||| Stepping ~*~*~tactically~*~*~ (hiding).
  5615 | D:6      | 5615 ||| Stepping ~*~*~tactically~*~*~ (stealth).
  5617 | D:6      | 5617 ||| Stepping ~*~*~tactically~*~*~ (hiding).
  5661 | D:6      | Reached ** piety under Okawaru
  5793 | D:6      | 5793 ||| INVOKING Heroism.
  5887 | D:6      | 5887 ||| Stepping ~*~*~tactically~*~*~ (stealth).
  5889 | D:6      | 5889 ||| INVOKING Heroism.
  5890 | D:6      | 5890 ||| Stepping ~*~*~tactically~*~*~ (hiding).
  5904 | D:6      | Reached XP level 9. HP: 40/55 MP: 10/12
  5909 | D:6      | Reached skill level 6 in Fighting
  6017 | D:6      | 6017 ||| READING scroll labelled DAERPHEEKUO.
  6018 | D:6      | 6018 ||| READING scroll labelled QOS VOJONLUF.
  6019 | D:6      | 6019 ||| DRINKING 3 metallic pink potions.
  6120 | D:6      | 6120 ||| READING 2 scrolls of identify.
  6120 | D:6      | 6120 ||| IDENTIFYING amethyst potion
  6121 | D:6      | 6121 ||| DROPPING 2 potions of ambrosia.
  6162 | D:7      | 6162 ||| Stepping ~*~*~tactically~*~*~ (stealth).
  6163 | D:7      | 6163 ||| Stepping ~*~*~tactically~*~*~ (stealth).
  6166 | D:7      | 6166 ||| Stepping ~*~*~tactically~*~*~ (stealth).
  6167 | D:7      | 6167 ||| Stepping ~*~*~tactically~*~*~ (stealth).
  6188 | D:7      | 6188 ||| INVOKING Heroism.
  6210 | D:7      | 6210 ||| INVOKING Heroism.
  6211 | D:7      | 6211 ||| Stepping ~*~*~tactically~*~*~ (hiding).
  6215 | D:7      | 6215 ||| Stepping ~*~*~tactically~*~*~ (hiding).
  6224 | D:7      | Reached skill level 9 in Axes
  6234 | D:7      | 6234 ||| FLEEEEING.
  6235 | D:7      | 6235 ||| Stepping ~*~*~tactically~*~*~ (hiding).
  6236 | D:7      | 6236 ||| FLEEEEING.
  6237 | D:7      | 6237 ||| Stepping ~*~*~tactically~*~*~ (hiding).
  6238 | D:7      | 6238 ||| FLEEEEING.
  6239 | D:7      | 6239 ||| INVOKING Heroism.
  6652 | D:7      | 6652 ||| INVOKING Heroism.
  6814 | D:7      | Found Hionogi's Magic Scroll Boutique.
  6819 | D:7      | 6819 ||| SHOPLISTING scroll of acquirement (780 gold, have
                  | 153).
  6819 | D:7      | 6819 ||| BUYING scroll of identify (30 gold).
  6819 | D:7      | Bought a scroll of identify for 30 gold pieces
  6819 | D:7      | 6819 ||| BUYING scroll of teleportation (45 gold).
  6819 | D:7      | Bought a scroll of teleportation for 45 gold pieces
  6977 | D:7      | Found a white marble altar of Elyvilon.
  7078 | D:7      | 7078 ||| INVOKING Heroism.
  7123 | D:7      | Noticed a hornet
  7134 | D:7      | Killed a hornet
  7192 | D:7      | 7192 ||| Stepping ~*~*~tactically~*~*~ (stealth).
  7266 | D:7      | 7266 ||| Stepping ~*~*~tactically~*~*~ (stealth).
  7267 | D:7      | 7267 ||| Stepping ~*~*~tactically~*~*~ (stealth).
  7299 | D:7      | 7299 ||| INVOKING Heroism.
  7439 | D:7      | Found a basalt altar of Yredelemnul.
  7464 | D:7      | 7464 ||| UPGRADING to +0 plate armour.
  7474 | D:7      | 7474 ||| DROPPING +0 chain mail.
  7517 | D:8      | 7517 ||| INVOKING Heroism.
  7521 | D:8      | Reached *** piety under Okawaru
  7522 | D:8      | Reached skill level 6 in Armour
  7657 | D:8      | 7657 ||| INVOKING Heroism.
  7666 | D:8      | Reached XP level 10. HP: 29/63 MP: 10/13
  7855 | D:8      | Identified the +4 short sword "Xist" {holy, rElec}
  8022 | D:8      | 8022 ||| INVOKING Heroism.
  8051 | D:8      | 8051 ||| INVOKING Heroism.
  8059 | D:8      | HP: 8/63 [yak (9)]
  8060 | D:8      | 8060 ||| READING 3 scrolls of teleportation.
  8061 | D:8      | 8061 ||| DRINKING potion of heal wounds.
  8291 | D:8      | Noticed Erica
  8292 | D:8      | 8292 ||| INVOKING Heroism.
  8305 | D:8      | Killed Erica
  8410 | D:8      | 8410 ||| READING 3 scrolls of enchant weapon.
  8410 | D:8      | 8410 ||| ENCHANTING +2 war axe.
  8411 | D:8      | 8411 ||| READING 2 scrolls of enchant weapon.
  8411 | D:8      | 8411 ||| ENCHANTING +3 war axe.
  8412 | D:8      | 8412 ||| READING scroll of enchant weapon.
  8412 | D:8      | 8412 ||| ENCHANTING +4 war axe.
  8537 | D:8      | 8537 ||| INVOKING Heroism.
  8699 | D:8      | 8699 ||| Stepping ~*~*~tactically~*~*~ (hiding).
  8701 | D:8      | 8701 ||| INVOKING Heroism.
  8702 | D:8      | Reached **** piety under Okawaru
  8708 | D:8      | Reached skill level 3 in Throwing
  8734 | D:8      | 8734 ||| FLEEEEING.
  8735 | D:8      | 8735 ||| FLEEEEING.
  8736 | D:8      | 8736 ||| FLEEEEING.
  8737 | D:8      | 8737 ||| FLEEEEING.
  8738 | D:8      | 8738 ||| STAIRDANCE
  8887 | D:7      | 8887 ||| UPGRADING to +0 cloak.
  8897 | D:8      | 8897 ||| Stepping ~*~*~tactically~*~*~ (stealth).
  9144 | D:8      | 9144 ||| READING 4 scrolls of identify.
  9144 | D:8      | 9144 ||| IDENTIFYING fizzy white potion
  9171 | D:9      | 9171 ||| Stepping ~*~*~tactically~*~*~ (stealth).
  9173 | D:9      | 9173 ||| INVOKING Heroism.
  9191 | D:9      | Reached ***** piety under Okawaru
  9191 | D:9      | Received a gift from Okawaru
  9192 | D:9      | Reached skill level 6 in Invocations
  9355 | D:9      | Found a runed translucent door.
  9359 | D:9      | Noticed qw's ghost (novice GrFi)
  9375 | D:9      | 9375 ||| INVOKING Heroism.
  9385 | D:9      | Reached XP level 11. HP: 65/68 MP: 13/15
  9411 | D:9      | Noticed a two-headed ogre
  9412 | D:9      | 9412 ||| Stepping ~*~*~tactically~*~*~ (stealth).
  9413 | D:9      | 9413 ||| Stepping ~*~*~tactically~*~*~ (stealth).
  9415 | D:9      | 9415 ||| INVOKING Heroism.
  9427 | D:9      | Killed a two-headed ogre
  9519 | D:9      | 9519 ||| READING scroll of enchant weapon.
  9519 | D:9      | 9519 ||| ENCHANTING +5 war axe.
  9602 | D:9      | 9602 ||| Stepping ~*~*~tactically~*~*~ (stealth).
  9606 | D:9      | 9606 ||| Stepping ~*~*~tactically~*~*~ (hiding).
  9607 | D:9      | 9607 ||| INVOKING Heroism.
  9614 | D:9      | 9614 ||| Stepping ~*~*~tactically~*~*~ (hiding).
  9792 | D:9      | 9792 ||| INVOKING Heroism.
  9939 | D:9      | Noticed Pikel
  9940 | D:9      | 9940 ||| Stepping ~*~*~tactically~*~*~ (stealth).
  9941 | D:9      | 9941 ||| INVOKING Heroism.
  9953 | D:9      | Killed Pikel
  9967 | D:9      | 9967 ||| INVOKING Heroism.
  9970 | D:9      | Received a gift from Okawaru
  9974 | D:9      | Noticed a purple ugly thing
  9989 | D:9      | Killed a purple ugly thing
 10007 | D:9      | 10007 ||| FLEEEEING.
 10008 | D:9      | 10008 ||| FLEEEEING.
 10009 | D:9      | 10009 ||| FLEEEEING.
 10010 | D:9      | 10010 ||| FLEEEEING.
 10011 | D:9      | 10011 ||| FLEEEEING.
 10012 | D:9      | 10012 ||| FLEEEEING.
 10013 | D:9      | 10013 ||| FLEEEEING.
 10014 | D:9      | 10014 ||| FLEEEEING.
 10015 | D:9      | 10015 ||| FLEEEEING.
 10016 | D:9      | 10016 ||| FLEEEEING.
 10017 | D:9      | 10017 ||| FLEEEEING.
 10018 | D:9      | 10018 ||| FLEEEEING.
 10019 | D:9      | 10019 ||| FLEEEEING.
 10020 | D:9      | 10020 ||| FLEEEEING.
 10021 | D:9      | 10021 ||| FLEEEEING.
 10022 | D:9      | 10022 ||| FLEEEEING.
 10023 | D:9      | 10023 ||| FLEEEEING.
 10024 | D:9      | 10024 ||| FLEEEEING.
 10025 | D:9      | 10025 ||| FLEEEEING.
 10027 | D:9      | 10027 ||| FLEEEEING.
 10039 | D:9      | 10039 ||| FLEEEEING.
 10040 | D:9      | 10040 ||| FLEEEEING.
 10041 | D:9      | 10041 ||| FLEEEEING.
 10042 | D:9      | 10042 ||| FLEEEEING.
 10225 | D:9      | 10225 ||| Stepping ~*~*~tactically~*~*~ (stealth).
 10283 | D:9      | 10283 ||| Stepping ~*~*~tactically~*~*~ (stealth).
 10284 | D:9      | 10284 ||| Stepping ~*~*~tactically~*~*~ (stealth).
 10287 | D:9      | 10287 ||| Stepping ~*~*~tactically~*~*~ (stealth).
 10313 | D:9      | Found a staircase to the Orcish Mines.
 10316 | D:9      | 10316 ||| Stepping ~*~*~tactically~*~*~ (stealth).
 10323 | D:9      | Found a staircase to the Lair.
 10395 | D:9      | 10395 ||| READING scroll of enchant armour.
 10395 | D:9      | 10395 ||| ENCHANTING +0 helmet of see invisible.
 10539 | D:9      | 10539 ||| Stepping ~*~*~tactically~*~*~ (stealth).
 10557 | D:9      | 10557 ||| PLANNING LAIR
 10557 | D:9      | 10557 ||| UPGRADING to +4 ring of evasion.
 10643 | Lair:1   | Entered Level 1 of the Lair of Beasts
 10683 | Lair:1   | 10683 ||| INVOKING Heroism.
 10843 | Lair:1   | Noticed a seven-headed hydra
 10844 | Lair:1   | 10844 ||| INVOKING Heroism.
 10845 | Lair:1   | 10845 ||| INVOKING Finesse.
 10846 | Lair:1   | 10846 ||| SWAPPING to +0 morningstar.
 10857 | Lair:1   | Killed a seven-headed hydra
 10858 | Lair:1   | Reached skill level 9 in Invocations
 10858 | Lair:1   | 10858 ||| SWAPPING to +6 war axe.
 11006 | Lair:1   | 11006 ||| Stepping ~*~*~tactically~*~*~ (stealth).
 11007 | Lair:1   | 11007 ||| Stepping ~*~*~tactically~*~*~ (stealth).
 11009 | Lair:1   | 11009 ||| Stepping ~*~*~tactically~*~*~ (stealth).
 11010 | Lair:1   | 11010 ||| INVOKING Heroism.
 11017 | Lair:1   | 11017 ||| Stepping ~*~*~tactically~*~*~ (stealth).
 11024 | Lair:1   | 11024 ||| Stepping ~*~*~tactically~*~*~ (stealth).
 11029 | Lair:1   | Reached skill level 9 in Fighting
 11036 | Lair:1   | Identified the +0 ring mail of Ufipn {Dex+3} (Okawaru
                  | gifted it to you on level 1 of the Lair of Beasts)
 11036 | Lair:1   | Received a gift from Okawaru
 11038 | Lair:1   | Reached XP level 12. HP: 54/76 MP: 19/19
 11041 | Lair:1   | 11041 ||| INVOKING Heroism.
 11188 | Lair:1   | 11188 ||| Stepping ~*~*~tactically~*~*~ (stealth).
 11189 | Lair:1   | 11189 ||| INVOKING Heroism.
 11219 | Lair:1   | Reached skill level 12 in Axes
 11229 | Lair:1   | 11229 ||| Stepping ~*~*~tactically~*~*~ (stealth).
 11239 | Lair:1   | 11239 ||| Stepping ~*~*~tactically~*~*~ (stealth).
 11484 | Lair:1   | Noticed Maggie
 11499 | Lair:1   | Killed Maggie
 11517 | Lair:1   | Reached skill level 9 in Armour
 12009 | Lair:1   | 12009 ||| UPGRADING to +6 ring of dexterity.
 12011 | Lair:1   | 12011 ||| DROPPING ring of willpower.
 12060 | Lair:2   | 12060 ||| Stepping ~*~*~tactically~*~*~ (stealth).
 12062 | Lair:2   | 12062 ||| INVOKING Heroism.
 12162 | Lair:2   | Reached skill level 6 in Shields
 12260 | Lair:2   | 12260 ||| Stepping ~*~*~tactically~*~*~ (stealth).
 12273 | Lair:2   | 12273 ||| Stepping ~*~*~tactically~*~*~ (stealth).
 12281 | Lair:2   | 12281 ||| Stepping ~*~*~tactically~*~*~ (stealth).
 12285 | Lair:2   | 12285 ||| Stepping ~*~*~tactically~*~*~ (stealth).
 12310 | Lair:2   | 12310 ||| Stepping ~*~*~tactically~*~*~ (stealth).
 12315 | Lair:2   | Reached skill level 3 in Dodging
 12507 | Lair:2   | 12507 ||| Stepping ~*~*~tactically~*~*~ (stealth).
 12518 | Lair:2   | 12518 ||| INVOKING Heroism.
 12548 | Lair:2   | Identified the +0 pair of gloves "Luatt" {+Inv rPois rN+}
                  | (Okawaru gifted it to you on level 2 of the Lair of Beasts)
 12548 | Lair:2   | Received a gift from Okawaru
 12556 | Lair:2   | Reached ****** piety under Okawaru
 12700 | Lair:2   | 12700 ||| Stepping ~*~*~tactically~*~*~ (stealth).
 12710 | Lair:2   | 12710 ||| Stepping ~*~*~tactically~*~*~ (stealth).
 12711 | Lair:2   | 12711 ||| Stepping ~*~*~tactically~*~*~ (stealth).
 12882 | Lair:2   | 12882 ||| UPGRADING to +0 pair of gloves "Luatt" {+Inv
                  | rPois rN+}.
 12887 | Lair:2   | 12887 ||| DROPPING +6 ring of intelligence.
 12888 | Lair:2   | 12888 ||| DRINKING 2 red potions.
 12889 | Lair:2   | 12889 ||| READING 6 scrolls of identify.
 12889 | Lair:2   | 12889 ||| IDENTIFYING sedimented yellow potion
 12890 | Lair:2   | 12890 ||| READING 5 scrolls of identify.
 12890 | Lair:2   | 12890 ||| IDENTIFYING white potion
 12891 | Lair:2   | 12891 ||| DROPPING potion of degeneration.
 12892 | Lair:2   | 12892 ||| DROPPING potion of flight.
 12965 | Lair:3   | 12965 ||| Stepping ~*~*~tactically~*~*~ (stealth).
 13070 | Lair:3   | Reached XP level 13. HP: 81/82 MP: 20/20
 13119 | Lair:3   | 13119 ||| INVOKING Heroism.
 13120 | Lair:3   | Found a hole to the Spider Nest.
 13312 | Lair:3   | Identified the +8 spear of Autumn {freeze, rPois Will+}
 13578 | Lair:3   | 13578 ||| INVOKING Heroism.
 13652 | Lair:3   | Found a staircase to the Swamp.
 13653 | Lair:3   | 13653 ||| Stepping ~*~*~tactically~*~*~ (hiding).
 13655 | Lair:3   | 13655 ||| INVOKING Heroism.
 13855 | Lair:3   | 13855 ||| UPGRADING to +0 kite shield.
 13865 | Lair:3   | 13865 ||| DROPPING +0 buckler.
 13866 | Lair:3   | 13866 ||| READING scroll labelled GISMOWKIGIE.
 13967 | Lair:3   | 13967 ||| READING 3 scrolls labelled YRYRULUVO.
 13968 | Lair:3   | 13968 ||| READING 4 scrolls of identify.
 13968 | Lair:3   | 13968 ||| IDENTIFYING black potion
 13969 | Lair:3   | 13969 ||| DROPPING 2 scrolls of fear.
 14035 | Lair:4   | 14035 ||| INVOKING Heroism.
 14036 | Lair:4   | 14036 ||| INVOKING Finesse.
 14047 | Lair:4   | 14047 ||| Stepping ~*~*~tactically~*~*~ (stealth).
 14290 | Lair:4   | 14290 ||| READING scroll of enchant armour.
 14290 | Lair:4   | 14290 ||| ENCHANTING +1 helmet of see invisible.
 14459 | Lair:4   | 14459 ||| Stepping ~*~*~tactically~*~*~ (stealth).
 14486 | Lair:4   | 14486 ||| INVOKING Heroism.
 14538 | Lair:4   | 14538 ||| FLEEEEING.
 14539 | Lair:4   | 14539 ||| FLEEEEING.
 14541 | Lair:4   | 14541 ||| FLEEEEING.
 14542 | Lair:4   | 14542 ||| FLEEEEING.
 14711 | Lair:4   | 14711 ||| Stepping ~*~*~tactically~*~*~ (stealth).
 15023 | Lair:4   | 15023 ||| DRINKING 2 golden potions.
 15128 | Lair:4   | 15128 ||| DROPPING potion of berserk rage.
 15150 | Lair:5   | Entered Level 5 of the Lair of Beasts
 15151 | Lair:5   | 15151 ||| INVOKING Heroism.
 15152 | Lair:5   | 15152 ||| STAIRDANCE
 15154 | Lair:4   | 15154 ||| SWAPPING to +0 morningstar.
 15155 | Lair:4   | 15155 ||| INVOKING Finesse.
 15162 | Lair:4   | Identified the +1 hat of Watchfulness {MP-9 Str+2 SInv}
                  | (Okawaru gifted it to you on level 4 of the Lair of Beasts)
 15162 | Lair:4   | Received a gift from Okawaru
 15163 | Lair:4   | Reached skill level 9 in Shields
 15163 | Lair:4   | 15163 ||| SWAPPING to +6 war axe.
 15216 | Lair:4   | 15216 ||| DROPPING +1 hat of Watchfulness {MP-9 Str+2
                  | SInv}.
 15219 | Lair:5   | 15219 ||| STAIRDANCE
 15221 | Lair:4   | 15221 ||| INVOKING Heroism.
 15270 | Lair:5   | 15270 ||| STAIRDANCE
 15272 | Lair:4   | 15272 ||| INVOKING Finesse.
 15393 | Lair:5   | 15393 ||| STAIRDANCE
 15395 | Lair:4   | 15395 ||| INVOKING Heroism.
 15396 | Lair:4   | 15396 ||| SWAPPING to +0 morningstar.
 15397 | Lair:4   | 15397 ||| INVOKING Finesse.
 15398 | Lair:4   | 15398 ||| Stepping ~*~*~tactically~*~*~ (outnumbered).
 15399 | Lair:4   | 15399 ||| Stepping ~*~*~tactically~*~*~ (outnumbered).
 15403 | Lair:4   | 15403 ||| Stepping ~*~*~tactically~*~*~ (outnumbered).
 15404 | Lair:4   | 15404 ||| Stepping ~*~*~tactically~*~*~ (outnumbered).
 15405 | Lair:4   | 15405 ||| Stepping ~*~*~tactically~*~*~ (outnumbered).
 15406 | Lair:4   | 15406 ||| Stepping ~*~*~tactically~*~*~ (outnumbered).
 15407 | Lair:4   | 15407 ||| Stepping ~*~*~tactically~*~*~ (outnumbered).
 15408 | Lair:4   | 15408 ||| Stepping ~*~*~tactically~*~*~ (outnumbered).
 15409 | Lair:4   | 15409 ||| Stepping ~*~*~tactically~*~*~ (outnumbered).
 15410 | Lair:4   | 15410 ||| Stepping ~*~*~tactically~*~*~ (outnumbered).
 15411 | Lair:4   | 15411 ||| Stepping ~*~*~tactically~*~*~ (outnumbered).
 15412 | Lair:4   | 15412 ||| Stepping ~*~*~tactically~*~*~ (outnumbered).
 15413 | Lair:4   | 15413 ||| Stepping ~*~*~tactically~*~*~ (outnumbered).
 15414 | Lair:4   | 15414 ||| Stepping ~*~*~tactically~*~*~ (outnumbered).
 15415 | Lair:4   | 15415 ||| Stepping ~*~*~tactically~*~*~ (outnumbered).
 15416 | Lair:4   | 15416 ||| Stepping ~*~*~tactically~*~*~ (outnumbered).
 15417 | Lair:4   | 15417 ||| Stepping ~*~*~tactically~*~*~ (outnumbered).
 15422 | Lair:4   | 15422 ||| Stepping ~*~*~tactically~*~*~ (outnumbered).
 15424 | Lair:4   | HP: 16/82 [polar bear (8)]
 15425 | Lair:4   | 15425 ||| READING 4 scrolls of teleportation.
 15427 | Lair:4   | 15427 ||| SWAPPING to +6 war axe.
 15733 | Lair:5   | 15733 ||| INVOKING Heroism.
 15739 | Lair:5   | 15739 ||| STAIRDANCE
 15880 | Lair:5   | 15880 ||| STAIRDANCE
 15888 | Lair:5   | 15888 ||| STAIRDANCE
 15890 | Lair:4   | 15890 ||| INVOKING Heroism.
 15932 | Lair:5   | 15932 ||| INVOKING Heroism.
 15933 | Lair:5   | 15933 ||| STAIRDANCE
 15959 | Lair:5   | 15959 ||| STAIRDANCE
 15961 | Lair:4   | 15961 ||| INVOKING Heroism.
 15981 | Lair:5   | 15981 ||| STAIRDANCE
 15990 | Lair:5   | 15990 ||| STAIRDANCE
 16022 | Lair:5   | 16022 ||| Stepping ~*~*~tactically~*~*~ (stealth).
 16024 | Lair:5   | 16024 ||| Stepping ~*~*~tactically~*~*~ (stealth).
 16025 | Lair:5   | 16025 ||| INVOKING Heroism.
 16050 | Lair:5   | 16050 ||| Stepping ~*~*~tactically~*~*~ (stealth).
 16055 | Lair:5   | 16055 ||| Stepping ~*~*~tactically~*~*~ (stealth).
 16057 | Lair:5   | 16057 ||| INVOKING Heroism.
 16058 | Lair:5   | 16058 ||| Stepping ~*~*~tactically~*~*~ (stealth).
 16060 | Lair:5   | 16060 ||| INVOKING Finesse.
 16062 | Lair:5   | 16062 ||| Stepping ~*~*~tactically~*~*~ (stealth).
 16132 | Lair:5   | 16132 ||| INVOKING Heroism.
 16155 | Lair:5   | 16155 ||| SWAPPING to +0 morningstar.
 16157 | Lair:5   | 16157 ||| SWAPPING to +6 war axe.
 16159 | Lair:5   | Gained mutation: Your large and strong wings let you fly.
                  | [Gargoyle growth]
 16159 | Lair:5   | Reached XP level 14. HP: 58/88 MP: 19/21
 16159 | Lair:5   | 16159 ||| SWAPPING to +0 morningstar.
 16166 | Lair:5   | 16166 ||| SWAPPING to +6 war axe.
 16296 | Lair:5   | 16296 ||| Stepping ~*~*~tactically~*~*~ (stealth).
 16297 | Lair:5   | 16297 ||| Stepping ~*~*~tactically~*~*~ (stealth).
 16318 | Lair:5   | 16318 ||| READING scroll of enchant armour.
 16318 | Lair:5   | 16318 ||| ENCHANTING +0 pair of boots.
 16323 | Lair:5   | 16323 ||| INVOKING Heroism.
 16324 | Lair:5   | 16324 ||| INVOKING Finesse.
 16440 | Lair:5   | 16440 ||| Stepping ~*~*~tactically~*~*~ (stealth).
 16533 | Lair:5   | 16533 ||| Stepping ~*~*~tactically~*~*~ (stealth).
 16535 | Lair:5   | 16535 ||| Stepping ~*~*~tactically~*~*~ (hiding).
 16537 | Lair:5   | Received a gift from Okawaru
 16543 | Lair:5   | 16543 ||| INVOKING Heroism.
 16558 | Lair:5   | 16558 ||| DROPPING +1 war axe of electrocution.
 16566 | Lair:5   | 16566 ||| Stepping ~*~*~tactically~*~*~ (stealth).
 16576 | Lair:5   | 16576 ||| Stepping ~*~*~tactically~*~*~ (hiding).
 16583 | Lair:5   | 16583 ||| Stepping ~*~*~tactically~*~*~ (stealth).
 16601 | Lair:5   | 16601 ||| INVOKING Heroism.
 16602 | Lair:5   | 16602 ||| INVOKING Finesse.
 16639 | Lair:5   | 16639 ||| SWAPPING to +0 morningstar.
 16640 | Lair:5   | 16640 ||| Stepping ~*~*~tactically~*~*~ (outnumbered).
 16641 | Lair:5   | 16641 ||| Stepping ~*~*~tactically~*~*~ (outnumbered).
 16642 | Lair:5   | 16642 ||| SWAPPING to +6 war axe.
 16643 | Lair:5   | 16643 ||| SWAPPING to +0 morningstar.
 16644 | Lair:5   | 16644 ||| Stepping ~*~*~tactically~*~*~ (outnumbered).
 16645 | Lair:5   | 16645 ||| SWAPPING to +6 war axe.
 16649 | Lair:5   | 16649 ||| Stepping ~*~*~tactically~*~*~ (stealth).
 16652 | Lair:5   | 16652 ||| SWAPPING to +0 morningstar.
 16659 | Lair:5   | 16659 ||| SWAPPING to +6 war axe.
 16769 | Lair:5   | 16769 ||| Stepping ~*~*~tactically~*~*~ (stealth).
 16770 | Lair:5   | 16770 ||| Stepping ~*~*~tactically~*~*~ (hiding).
 16932 | Lair:5   | 16932 ||| Stepping ~*~*~tactically~*~*~ (hiding).
 16936 | Lair:5   | 16936 ||| INVOKING Heroism.
 16950 | Lair:5   | 16950 ||| Stepping ~*~*~tactically~*~*~ (hiding).
 16976 | Lair:5   | 16976 ||| Stepping ~*~*~tactically~*~*~ (stealth).
 17197 | Lair:5   | 17197 ||| Stepping ~*~*~tactically~*~*~ (stealth).
 17221 | Lair:5   | Received a gift from Okawaru
 17287 | Lair:5   | 17287 ||| Stepping ~*~*~tactically~*~*~ (hiding).
 17396 | Lair:5   | 17396 ||| Stepping ~*~*~tactically~*~*~ (stealth).
 17397 | Lair:5   | 17397 ||| INVOKING Heroism.
 17398 | Lair:5   | 17398 ||| Stepping ~*~*~tactically~*~*~ (stealth).
 17399 | Lair:5   | 17399 ||| SWAPPING to +0 morningstar.
 17400 | Lair:5   | 17400 ||| INVOKING Finesse.
 17402 | Lair:5   | 17402 ||| Stepping ~*~*~tactically~*~*~ (stealth).
 17412 | Lair:5   | 17412 ||| SWAPPING to +6 war axe.
 17583 | Lair:5   | 17583 ||| INVOKING Heroism.
 17584 | Lair:5   | 17584 ||| INVOKING Finesse.
 17600 | Lair:5   | Reached skill level 12 in Shields
 17646 | Lair:5   | 17646 ||| Stepping ~*~*~tactically~*~*~ (hiding).
 17654 | Lair:5   | 17654 ||| INVOKING Heroism.
 17938 | Lair:5   | Found a runed translucent door.
 17944 | Lair:5   | Found a viscous altar of Jiyva.
 17944 | Lair:5   | Found a staircase to the Slime Pits.
 17967 | Lair:5   | 17967 ||| PLANNING D:1-11
 17967 | Lair:5   | 17967 ||| READING 7 scrolls of identify.
 17967 | Lair:5   | 17967 ||| IDENTIFYING dark potion
 18107 | D:10     | Entered Level 10 of the Dungeon
 18107 | D:10     | Noticed Amaemon
 18108 | D:10     | 18108 ||| STAIRDANCE
 18116 | D:9      | Killed Amaemon
 18125 | D:9      | 18125 ||| DROPPING +0 morningstar.
 18214 | D:10     | Found a sacrificial altar of Ru.
 18231 | D:10     | 18231 ||| Stepping ~*~*~tactically~*~*~ (stealth).
 18236 | D:10     | Received a gift from Okawaru
 18243 | D:10     | 18243 ||| DROPPING +1 demon whip of venom.
 18247 | D:10     | Noticed Snorg
 18248 | D:10     | 18248 ||| Stepping ~*~*~tactically~*~*~ (stealth).
 18251 | D:10     | 18251 ||| Stepping ~*~*~tactically~*~*~ (stealth).
 18253 | D:10     | 18253 ||| INVOKING Heroism.
 18254 | D:10     | 18254 ||| INVOKING Finesse.
 18270 | D:10     | Killed Snorg
 18318 | D:10     | 18318 ||| INVOKING Heroism.
 18443 | D:10     | Found Anuzoal's Assorted Antiques.
 18451 | D:10     | 18451 ||| BUYING potion of cancellation (192 gold).
 18451 | D:10     | Bought a potion of cancellation for 192 gold pieces
 18491 | D:10     | Noticed Joseph
 18492 | D:10     | 18492 ||| FLEEEEING.
 18502 | D:10     | 18502 ||| Stepping ~*~*~tactically~*~*~ (hiding).
 18516 | D:10     | Killed Joseph
 18965 | D:11     | 18965 ||| Stepping ~*~*~tactically~*~*~ (stealth).
 18995 | D:11     | Reached skill level 15 in Axes
 19125 | D:11     | Noticed Sonja
 19126 | D:11     | 19126 ||| Stepping ~*~*~tactically~*~*~ (hiding).
 19127 | D:11     | 19127 ||| Stepping ~*~*~tactically~*~*~ (hiding).
 19134 | D:11     | 19134 ||| INVOKING Finesse.
 19139 | D:11     | Killed Sonja
 19567 | D:11     | 19567 ||| PLANNING D
 19567 | D:11     | 19567 ||| READING scroll labelled NYLEASA LOOBIR.
 19568 | D:11     | 19568 ||| READING 7 scrolls of identify.
 19568 | D:11     | 19568 ||| IDENTIFYING emerald potion
 19569 | D:11     | 19569 ||| DROPPING potion of invisibility.
 19642 | D:12     | Identified the +1 scale mail of Sin {rPois MP+9 Str+3
                  | Slay-3}
 19681 | D:12     | Received a gift from Okawaru
 19682 | D:12     | Reached XP level 15. HP: 95/95 MP: 22/22
 19777 | D:12     | 19777 ||| Stepping ~*~*~tactically~*~*~ (hiding).
 19779 | D:12     | 19779 ||| Stepping ~*~*~tactically~*~*~ (hiding).
 19780 | D:12     | 19780 ||| Stepping ~*~*~tactically~*~*~ (hiding).
 19982 | D:12     | 19982 ||| Stepping ~*~*~tactically~*~*~ (stealth).
 19993 | D:12     | 19993 ||| Stepping ~*~*~tactically~*~*~ (stealth).
 19996 | D:12     | 19996 ||| INVOKING Heroism.
 19998 | D:12     | 19998 ||| READING 6 scrolls of teleportation.
 20159 | D:12     | 20159 ||| Stepping ~*~*~tactically~*~*~ (hiding).
 20160 | D:12     | 20160 ||| Stepping ~*~*~tactically~*~*~ (hiding).
 20171 | D:12     | Received a gift from Okawaru
 20173 | D:12     | 20173 ||| DROPPING +2 war axe of freezing.
 20194 | D:12     | Identified the amulet of Ezerorgh {Spirit rC+ rN++ rCorr
                  | Slay-3}
 20208 | D:12     | 20208 ||| Stepping ~*~*~tactically~*~*~ (stealth).
 20210 | D:12     | 20210 ||| Stepping ~*~*~tactically~*~*~ (stealth).
 20216 | D:12     | 20216 ||| INVOKING Heroism.
 20217 | D:12     | 20217 ||| READING 5 scrolls of teleportation.
 20357 | D:12     | 20357 ||| Stepping ~*~*~tactically~*~*~ (hiding).
 20367 | D:12     | 20367 ||| FLEEEEING.
 20368 | D:12     | 20368 ||| FLEEEEING.
 20711 | D:12     | 20711 ||| INVOKING Heroism.
 20727 | D:12     | Reached skill level 12 in Fighting
 20791 | D:12     | 20791 ||| INVOKING Heroism.
 20792 | D:12     | 20792 ||| INVOKING Finesse.
 20853 | D:12     | 20853 ||| Stepping ~*~*~tactically~*~*~ (stealth).
 20855 | D:12     | 20855 ||| Stepping ~*~*~tactically~*~*~ (stealth).
 20864 | D:12     | 20864 ||| INVOKING Heroism.
 20894 | D:12     | Reached skill level 12 in Armour
 20895 | D:12     | 20895 ||| INVOKING Heroism.
 20896 | D:12     | 20896 ||| READING 4 scrolls of teleportation.
 20900 | D:12     | 20900 ||| FLEEEEING.
 20901 | D:12     | 20901 ||| FLEEEEING.
 20902 | D:12     | 20902 ||| FLEEEEING.
 20903 | D:12     | 20903 ||| FLEEEEING.
 20904 | D:12     | 20904 ||| FLEEEEING.
 20905 | D:12     | 20905 ||| FLEEEEING.
 20906 | D:12     | 20906 ||| FLEEEEING.
 20907 | D:12     | 20907 ||| FLEEEEING.
 20908 | D:12     | 20908 ||| FLEEEEING.
 20909 | D:12     | 20909 ||| FLEEEEING.
 20910 | D:12     | 20910 ||| FLEEEEING.
 20911 | D:12     | 20911 ||| FLEEEEING.
 20912 | D:12     | 20912 ||| FLEEEEING.
 20914 | D:12     | 20914 ||| FLEEEEING.
 20915 | D:12     | 20915 ||| FLEEEEING.
 20916 | D:12     | 20916 ||| FLEEEEING.
 20918 | D:12     | 20918 ||| FLEEEEING.
 20919 | D:12     | 20919 ||| FLEEEEING.
 20920 | D:12     | 20920 ||| FLEEEEING.
 20921 | D:12     | 20921 ||| FLEEEEING.
 20922 | D:12     | 20922 ||| FLEEEEING.
 20923 | D:12     | 20923 ||| FLEEEEING.
 20924 | D:12     | 20924 ||| FLEEEEING.
 20925 | D:12     | 20925 ||| FLEEEEING.
 20926 | D:12     | 20926 ||| FLEEEEING.
 20927 | D:12     | 20927 ||| FLEEEEING.
 20928 | D:12     | 20928 ||| FLEEEEING.
 20929 | D:12     | 20929 ||| FLEEEEING.
 20934 | D:12     | 20934 ||| STAIRDANCE
 21129 | D:12     | 21129 ||| Stepping ~*~*~tactically~*~*~ (stealth).
 21134 | D:12     | 21134 ||| INVOKING Heroism.
 21139 | D:12     | 21139 ||| Stepping ~*~*~tactically~*~*~ (stealth).
 21246 | D:12     | Noticed a frost giant
 21247 | D:12     | 21247 ||| INVOKING Heroism.
 21248 | D:12     | 21248 ||| INVOKING Finesse.
 21262 | D:12     | Killed a frost giant
 21670 | D:13     | 21670 ||| INVOKING Heroism.
 21675 | D:13     | Received a gift from Okawaru
 22041 | D:13     | 22041 ||| Stepping ~*~*~tactically~*~*~ (stealth).
 22043 | D:13     | 22043 ||| INVOKING Heroism.
 22044 | D:13     | 22044 ||| Stepping ~*~*~tactically~*~*~ (hiding).
 22045 | D:13     | 22045 ||| INVOKING Finesse.
 22232 | D:13     | 22232 ||| READING 3 scrolls of teleportation.
 22235 | D:13     | 22235 ||| READING 2 scrolls of teleportation.
 22322 | D:13     | 22322 ||| INVOKING Heroism.
 22324 | D:13     | 22324 ||| INVOKING Finesse.
 22325 | D:13     | 22325 ||| SWAPPING to +2 hand axe of flaming.
 22332 | D:13     | Noticed a frost giant
 22333 | D:13     | 22333 ||| SWAPPING to +6 war axe.
 22347 | D:13     | HP: 22/96 [frost giant/+1 battleaxe of freezing (9)]
 22348 | D:13     | 22348 ||| READING scroll of teleportation.
 22349 | D:13     | 22349 ||| DRINKING 2 potions of heal wounds.
 22350 | D:13     | 22350 ||| DRINKING potion of heal wounds.
 22355 | D:13     | Killed a frost giant
 22543 | D:13     | 22543 ||| INVOKING Heroism.
 22681 | D:13     | 22681 ||| Stepping ~*~*~tactically~*~*~ (stealth).
 22683 | D:13     | 22683 ||| Stepping ~*~*~tactically~*~*~ (hiding).
 22685 | D:13     | 22685 ||| Stepping ~*~*~tactically~*~*~ (hiding).
 22819 | D:13     | Identified the +8 arbalest "Ecucakh" {freeze, Str+4}
 22827 | D:13     | 22827 ||| INVOKING Heroism.
 22828 | D:13     | 22828 ||| INVOKING Finesse.
 22984 | D:13     | 22984 ||| Stepping randomly (stuck).
 22992 | D:13     | 22992 ||| Stepping randomly (stuck).
 22994 | D:13     | 22994 ||| Stepping randomly (cloudy).
 22995 | D:13     | 22995 ||| Stepping randomly (cloudy).
 22996 | D:13     | 22996 ||| Stepping randomly (stuck).
 22997 | D:13     | 22997 ||| Stepping randomly (stuck).
 23081 | D:14     | 23081 ||| INVOKING Heroism.
 23096 | D:14     | 23096 ||| Stepping ~*~*~tactically~*~*~ (stealth).
 23100 | D:14     | Identified the +1 hand axe "Odoatu" {venom, rElec rPois
                  | Str-4 Stlth+} (Okawaru gifted it to you on level 14 of the
                  | Dungeon)
 23100 | D:14     | Received a gift from Okawaru
 23257 | D:14     | 23257 ||| INVOKING Heroism.
 23386 | D:14     | 23386 ||| Stepping ~*~*~tactically~*~*~ (hiding).
 23387 | D:14     | 23387 ||| INVOKING Heroism.
 23691 | D:14     | 23691 ||| Stepping ~*~*~tactically~*~*~ (stealth).
 23694 | D:14     | 23694 ||| Stepping ~*~*~tactically~*~*~ (stealth).
 23702 | D:14     | 23702 ||| INVOKING Heroism.
 23860 | D:14     | Identified the +0 flail "Yffefaom" {protect, Will++ Str-4}
 23868 | D:14     | 23868 ||| INVOKING Heroism.
 23883 | D:14     | Reached XP level 16. HP: 103/103 MP: 23/23
 24120 | D:14     | Found a gate to the Vaults.
 24121 | D:14     | 24121 ||| INVOKING Heroism.
 24169 | D:14     | Received a gift from Okawaru
 24170 | D:14     | 24170 ||| INVOKING Heroism.
 24490 | D:14     | 24490 ||| UPGRADING to +0 tower shield.
 24500 | D:14     | 24500 ||| DROPPING +0 kite shield.
 24526 | D:15     | Entered Level 15 of the Dungeon
 24532 | D:15     | 24532 ||| INVOKING Heroism.
 24535 | D:15     | 24535 ||| Stepping ~*~*~tactically~*~*~ (stealth).
 24539 | D:15     | 24539 ||| Stepping ~*~*~tactically~*~*~ (stealth).
 24546 | D:15     | Received a gift from Okawaru
 24649 | D:15     | 24649 ||| Stepping ~*~*~tactically~*~*~ (hiding).
 24736 | D:15     | Noticed Rupert
 24738 | D:15     | 24738 ||| INVOKING Heroism.
 24739 | D:15     | 24739 ||| INVOKING Finesse.
 24763 | D:15     | Killed Rupert
 24791 | D:15     | 24791 ||| STAIRDANCE
 24889 | D:15     | 24889 ||| FLEEEEING.
 24890 | D:15     | 24890 ||| FLEEEEING.
 24891 | D:15     | 24891 ||| FLEEEEING.
 24894 | D:15     | 24894 ||| STAIRDANCE
 25037 | D:15     | 25037 ||| INVOKING Heroism.
 25051 | D:15     | Found a staircase to the Depths.
 25113 | D:15     | 25113 ||| INVOKING Heroism.
 25500 | D:15     | Noticed Nessos
 25501 | D:15     | 25501 ||| INVOKING Finesse.
 25503 | D:15     | 25503 ||| Stepping ~*~*~tactically~*~*~ (hiding).
 25512 | D:15     | Killed Nessos
 25701 | D:15     | 25701 ||| Stepping ~*~*~tactically~*~*~ (hiding).
 25704 | D:15     | 25704 ||| INVOKING Heroism.
 25711 | D:15     | 25711 ||| INVOKING Finesse.
 25771 | D:15     | Identified the +2 sling "Yrpham" {vorpal, Dex+6}
 25860 | D:15     | Found a portal to a secret trove of treasure.
 26030 | D:15     | 26030 ||| PLANNING ORC
 26174 | Orc:1    | Entered Level 1 of the Orcish Mines
 26199 | Orc:1    | 26199 ||| INVOKING Heroism.
 26341 | Orc:2    | Entered Level 2 of the Orcish Mines
 26345 | Orc:2    | 26345 ||| INVOKING Heroism.
 26390 | Orc:2    | Found a staircase to the Elven Halls.
 26501 | Orc:2    | 26501 ||| Stepping ~*~*~tactically~*~*~ (stealth).
 26503 | Orc:2    | 26503 ||| Stepping ~*~*~tactically~*~*~ (stealth).
 26505 | Orc:2    | 26505 ||| Stepping ~*~*~tactically~*~*~ (hiding).
 26507 | Orc:2    | 26507 ||| INVOKING Heroism.
 26544 | Orc:2    | 26544 ||| Stepping ~*~*~tactically~*~*~ (stealth).
 26546 | Orc:2    | 26546 ||| Stepping ~*~*~tactically~*~*~ (stealth).
 26548 | Orc:2    | 26548 ||| INVOKING Heroism.
 26555 | Orc:2    | 26555 ||| Stepping ~*~*~tactically~*~*~ (stealth).
 26561 | Orc:2    | 26561 ||| Stepping ~*~*~tactically~*~*~ (stealth).
 26565 | Orc:2    | 26565 ||| Stepping ~*~*~tactically~*~*~ (stealth).
 26567 | Orc:2    | 26567 ||| Stepping ~*~*~tactically~*~*~ (stealth).
 26569 | Orc:2    | 26569 ||| Stepping ~*~*~tactically~*~*~ (hiding).
 26585 | Orc:2    | Reached skill level 15 in Shields
 26591 | Orc:2    | 26591 ||| INVOKING Heroism.
 26605 | Orc:2    | HP: 22/104 [cyclops/large rock (25)]
 26606 | Orc:2    | 26606 ||| DRINKING 2 potions of heal wounds.
 26610 | Orc:2    | HP: 14/104 [two-headed ogre/+0 giant club (16)]
 26611 | Orc:2    | 26611 ||| DRINKING potion of heal wounds.
 26615 | Orc:2    | Received a gift from Okawaru
 26626 | Orc:2    | 26626 ||| INVOKING Heroism.
 26626 | Orc:2    | HP: 18/104 [deep troll (11)]
 26642 | Orc:2    | HP: 18/104 [deep troll (4)]
 26655 | Orc:2    | 26655 ||| FLEEEEING.
 26656 | Orc:2    | 26656 ||| FLEEEEING.
 26657 | Orc:2    | 26657 ||| FLEEEEING.
 26658 | Orc:2    | 26658 ||| FLEEEEING.
 26659 | Orc:2    | 26659 ||| FLEEEEING.
 26660 | Orc:2    | 26660 ||| FLEEEEING.
 26661 | Orc:2    | 26661 ||| FLEEEEING.
 26662 | Orc:2    | 26662 ||| FLEEEEING.
 26663 | Orc:2    | 26663 ||| FLEEEEING.
 26664 | Orc:2    | 26664 ||| FLEEEEING.
 26665 | Orc:2    | 26665 ||| FLEEEEING.
 26666 | Orc:2    | 26666 ||| FLEEEEING.
 26667 | Orc:2    | 26667 ||| STAIRDANCE
 26669 | Orc:1    | 26669 ||| INVOKING Heroism.
 26982 | Orc:2    | Found Qywesm's Magic Scroll Shop.
 26986 | Orc:2    | Found Zierig's Magic Scroll Shop.
 26990 | Orc:2    | Found Eharocs's Antique Weapon Shoppe.
 26992 | Orc:2    | 26992 ||| BUYING scroll of acquirement (780 gold).
 26992 | Orc:2    | Bought a scroll of acquirement for 780 gold pieces
 26992 | Orc:2    | 26992 ||| BUYING scroll of enchant armour (112 gold).
 26992 | Orc:2    | Bought a scroll of enchant armour for 112 gold pieces
 26992 | Orc:2    | 26992 ||| BUYING scroll of enchant armour (112 gold).
 26992 | Orc:2    | Bought a scroll of enchant armour for 112 gold pieces
 26992 | Orc:2    | 26992 ||| BUYING scroll of enchant weapon (112 gold).
 26992 | Orc:2    | Bought a scroll of enchant weapon for 112 gold pieces
 26992 | Orc:2    | 26992 ||| READING scroll of acquirement.
 26992 | Orc:2    | 26992 ||| ACQUIRING +2 vorpal broad axe
 26992 | Orc:2    | Acquired a +2 vorpal broad axe
 26994 | Orc:2    | 26994 ||| SWAPPING to +2 vorpal broad axe.
 26995 | Orc:2    | 26995 ||| DROPPING +6 war axe.
 26996 | Orc:2    | 26996 ||| READING 2 scrolls of enchant armour.
 26996 | Orc:2    | 26996 ||| ENCHANTING +1 pair of boots.
 26997 | Orc:2    | 26997 ||| READING scroll of enchant armour.
 26997 | Orc:2    | 26997 ||| ENCHANTING +0 cloak.
 26998 | Orc:2    | 26998 ||| READING scroll of enchant weapon.
 26998 | Orc:2    | 26998 ||| ENCHANTING +2 vorpal broad axe.
 27004 | Orc:2    | 27004 ||| SHOPLISTING scroll of acquirement (780 gold, have
                  | 200).
 27004 | Orc:2    | 27004 ||| BUYING scroll of enchant armour (112 gold).
 27004 | Orc:2    | Bought a scroll of enchant armour for 112 gold pieces
 27004 | Orc:2    | 27004 ||| READING scroll of enchant armour.
 27004 | Orc:2    | 27004 ||| ENCHANTING +1 cloak.
 27007 | Orc:2    | Found Tishroott's Book Boutique.
 27293 | Orc:1    | 27293 ||| Stepping ~*~*~tactically~*~*~ (hiding).
 27405 | Orc:1    | 27405 ||| Stepping ~*~*~tactically~*~*~ (hiding).
 27733 | Orc:1    | 27733 ||| PLANNING SWAMP:1-3
 27848 | Swamp:1  | Entered Level 1 of the Swamp
 27889 | Swamp:1  | 27889 ||| INVOKING Heroism.
 27926 | Swamp:1  | 27926 ||| INVOKING Heroism.
 27962 | Swamp:1  | 27962 ||| INVOKING Finesse.
 27963 | Swamp:1  | 27963 ||| SWAPPING to +2 hand axe of flaming.
 27970 | Swamp:1  | 27970 ||| SWAPPING to +3 vorpal broad axe.
 27992 | Swamp:1  | 27992 ||| Stepping ~*~*~tactically~*~*~ (stealth).
 27993 | Swamp:1  | 27993 ||| Stepping ~*~*~tactically~*~*~ (stealth).
 27994 | Swamp:1  | 27994 ||| INVOKING Heroism.
 28055 | Swamp:1  | 28055 ||| Stepping ~*~*~tactically~*~*~ (stealth).
 28056 | Swamp:1  | 28056 ||| Stepping ~*~*~tactically~*~*~ (stealth).
 28151 | Swamp:1  | 28151 ||| READING scroll of enchant armour.
 28151 | Swamp:1  | 28151 ||| ENCHANTING +0 plate armour.
 28327 | Swamp:1  | 28327 ||| INVOKING Heroism.
 28337 | Swamp:1  | Received a gift from Okawaru
 28375 | Swamp:1  | 28375 ||| SWAPPING to +4 broad axe of electrocution.
 28376 | Swamp:1  | 28376 ||| DROPPING +3 vorpal broad axe.
 28423 | Swamp:1  | Reached XP level 17. HP: 103/108 MP: 24/24
 28667 | Swamp:1  | 28667 ||| DROPPING +2 scale mail of cold resistance.
 28729 | Swamp:2  | 28729 ||| FLEEEEING.
 28731 | Swamp:2  | 28731 ||| STAIRDANCE
 28808 | Swamp:2  | 28808 ||| STAIRDANCE
 28893 | Swamp:2  | 28893 ||| Stepping ~*~*~tactically~*~*~ (hiding).
 28895 | Swamp:2  | 28895 ||| INVOKING Heroism.
 28922 | Swamp:2  | 28922 ||| Stepping ~*~*~tactically~*~*~ (cloud).
 29180 | Swamp:2  | 29180 ||| INVOKING Heroism.
 29258 | Swamp:2  | 29258 ||| READING scroll of enchant weapon.
 29258 | Swamp:2  | 29258 ||| ENCHANTING +4 broad axe of electrocution.
 29323 | Swamp:2  | 29323 ||| Stepping ~*~*~tactically~*~*~ (hiding).
 29435 | Swamp:3  | 29435 ||| INVOKING Heroism.
 29457 | Swamp:3  | 29457 ||| Stepping ~*~*~tactically~*~*~ (stealth).
 29458 | Swamp:3  | 29458 ||| Stepping ~*~*~tactically~*~*~ (stealth).
 29530 | Swamp:3  | 29530 ||| INVOKING Heroism.
 29571 | Swamp:3  | 29571 ||| INVOKING Heroism.
 29572 | Swamp:3  | 29572 ||| INVOKING Finesse.
 29641 | Swamp:3  | 29641 ||| INVOKING Heroism.
 29642 | Swamp:3  | 29642 ||| INVOKING Finesse.
 29704 | Swamp:3  | 29704 ||| Stepping ~*~*~tactically~*~*~ (hiding).
 29706 | Swamp:3  | 29706 ||| Stepping ~*~*~tactically~*~*~ (hiding).
 29829 | Swamp:3  | 29829 ||| INVOKING Heroism.
 29835 | Swamp:3  | Reached skill level 6 in Throwing
 30162 | Swamp:3  | 30162 ||| PLANNING SPIDER:1-3
 30162 | Swamp:3  | 30162 ||| DROPPING +1 helmet of intelligence.
 30163 | Swamp:3  | 30163 ||| DROPPING ring of wizardry.
 30254 | Spider:1 | Entered Level 1 of the Spider Nest
 30279 | Spider:1 | 30279 ||| DRINKING 9 potions of curing.
 30279 | Spider:1 | 30279 ||| (to cure confusion)
 30281 | Spider:1 | 30281 ||| Stepping ~*~*~tactically~*~*~ (stealth).
 30322 | Spider:1 | 30322 ||| Stepping ~*~*~tactically~*~*~ (hiding).
 30330 | Spider:1 | 30330 ||| INVOKING Heroism.
 30333 | Spider:1 | 30333 ||| INVOKING Finesse.
 30343 | Spider:1 | Identified the +4 crystal plate armour of the Zebra {Drain
                  | Str+4} (Okawaru gifted it to you on level 1 of the Spider
                  | Nest)
 30343 | Spider:1 | Received a gift from Okawaru
 30412 | Spider:1 | 30412 ||| Stepping ~*~*~tactically~*~*~ (hiding).
 30533 | Spider:1 | 30533 ||| INVOKING Finesse.
 30542 | Spider:1 | 30542 ||| INVOKING Heroism.
 30549 | Spider:1 | HP: 11/108 [disintegration (35)]
 30550 | Spider:1 | 30550 ||| READING scroll of teleportation.
 30557 | Spider:1 | HP: 9/108 [culicivora (3)]
 30628 | Spider:1 | 30628 ||| Stepping ~*~*~tactically~*~*~ (stealth).
 30633 | Spider:1 | 30633 ||| Stepping ~*~*~tactically~*~*~ (stealth).
 30634 | Spider:1 | 30634 ||| INVOKING Heroism.
 30639 | Spider:1 | HP: 23/108 [entropy weaver (4)]
 30986 | Spider:1 | 30986 ||| Stepping ~*~*~tactically~*~*~ (stealth).
 30995 | Spider:1 | 30995 ||| Stepping ~*~*~tactically~*~*~ (stealth).
 31153 | Spider:1 | 31153 ||| Stepping ~*~*~tactically~*~*~ (stealth).
 31154 | Spider:1 | 31154 ||| Stepping ~*~*~tactically~*~*~ (stealth).
 31237 | Spider:1 | 31237 ||| INVOKING Heroism.
 31437 | Spider:1 | 31437 ||| Stepping ~*~*~tactically~*~*~ (stealth).
 31444 | Spider:1 | 31444 ||| Stepping ~*~*~tactically~*~*~ (hiding).
 31898 | Spider:1 | 31898 ||| INVOKING Heroism.
 31932 | Spider:1 | 31932 ||| INVOKING Heroism.
 32072 | Spider:1 | 32072 ||| UPGRADING to +2 cloak of willpower.
 32082 | Spider:1 | 32082 ||| DROPPING +2 cloak.
 32083 | Spider:1 | 32083 ||| UPGRADING to +4 crystal plate armour of the Zebra
                  | {Drain Str+4}.
 32093 | Spider:1 | 32093 ||| DROPPING +1 plate armour.
 32132 | Spider:2 | 32132 ||| INVOKING Heroism.
 32146 | Spider:2 | HP: 22/108 [culicivora (10)]
 32250 | Spider:2 | 32250 ||| FLEEEEING.
 32251 | Spider:2 | 32251 ||| STAIRDANCE
 32476 | Spider:1 | 32476 ||| Stepping ~*~*~tactically~*~*~ (stealth).
 32604 | Spider:2 | 32604 ||| Stepping ~*~*~tactically~*~*~ (stealth).
 32605 | Spider:2 | 32605 ||| Stepping ~*~*~tactically~*~*~ (stealth).
 32607 | Spider:2 | 32607 ||| Stepping ~*~*~tactically~*~*~ (stealth).
 32609 | Spider:2 | 32609 ||| FLEEEEING.
 32612 | Spider:2 | 32612 ||| Stepping ~*~*~tactically~*~*~ (hiding).
 32613 | Spider:2 | 32613 ||| INVOKING Heroism.
 32748 | Spider:2 | 32748 ||| Stepping ~*~*~tactically~*~*~ (stealth).
 32750 | Spider:2 | 32750 ||| Stepping ~*~*~tactically~*~*~ (stealth).
 32752 | Spider:2 | 32752 ||| Stepping ~*~*~tactically~*~*~ (stealth).
 32756 | Spider:2 | 32756 ||| Stepping ~*~*~tactically~*~*~ (stealth).
 32759 | Spider:2 | 32759 ||| Stepping ~*~*~tactically~*~*~ (stealth).
 32835 | Spider:2 | 32835 ||| INVOKING Heroism.
 32933 | Spider:2 | 32933 ||| INVOKING Heroism.
 33176 | Spider:2 | 33176 ||| FLEEEEING.
 33177 | Spider:2 | 33177 ||| FLEEEEING.
 33178 | Spider:2 | 33178 ||| FLEEEEING.
 33179 | Spider:2 | 33179 ||| FLEEEEING.
 33180 | Spider:2 | 33180 ||| FLEEEEING.
 33181 | Spider:2 | 33181 ||| FLEEEEING.
 33182 | Spider:2 | 33182 ||| FLEEEEING.
 33183 | Spider:2 | 33183 ||| STAIRDANCE
 33185 | Spider:1 | 33185 ||| DROPPING +1 helmet.
 33494 | Spider:2 | 33494 ||| FLEEEEING.
 33495 | Spider:2 | 33495 ||| FLEEEEING.
 33496 | Spider:2 | 33496 ||| STAIRDANCE
 33765 | Spider:3 | 33765 ||| INVOKING Heroism.
 33767 | Spider:3 | 33767 ||| INVOKING Finesse.
 33778 | Spider:3 | Reached skill level 15 in Armour
 33778 | Spider:3 | Reached XP level 18. HP: 114/114 MP: 18/25
 33781 | Spider:3 | 33781 ||| DROPPING +2 hand axe of flaming.
 33784 | Spider:3 | 33784 ||| Stepping ~*~*~tactically~*~*~ (stealth).
 33785 | Spider:3 | 33785 ||| Stepping ~*~*~tactically~*~*~ (stealth).
 33786 | Spider:3 | 33786 ||| Stepping ~*~*~tactically~*~*~ (hiding).
 33801 | Spider:3 | 33801 ||| Stepping ~*~*~tactically~*~*~ (hiding).
 33810 | Spider:3 | 33810 ||| Stepping ~*~*~tactically~*~*~ (hiding).
 33974 | Spider:3 | 33974 ||| Stepping ~*~*~tactically~*~*~ (hiding).
 33978 | Spider:3 | 33978 ||| INVOKING Finesse.
 33981 | Spider:3 | 33981 ||| INVOKING Heroism.
 34018 | Spider:3 | 34018 ||| Stepping ~*~*~tactically~*~*~ (stealth).
 34067 | Spider:3 | Noticed Mara
 34068 | Spider:3 | 34068 ||| INVOKING Heroism.
 34069 | Spider:3 | 34069 ||| INVOKING Finesse.
 34076 | Spider:3 | Noticed qw's illusion
 34101 | Spider:3 | Killed from afar by Mara (illusionary)

Levels and vault maps discovered:
D:1:      dreamdust_arrival_beginning_and_end, layout_basic, serial_shops,
          nicolae_shop_overgrown_old_shop, shop, shop, minmay_hexomino_u4
D:2:      layout_loops_corners, shapermc_ecumenical_altar_ellora
D:3:      layout_loops_ring
D:4:      layout_basic, mainiacjoe_overflow_catwalk_spiral,
          ebering_ghost_disaster_area, grunt_ministairs_7, interstate_on_off,
          minivault_14, minmay_increasing_density
D:5:      layout_basic, mainiacjoe_overflow_24_doors,
          mainiacjoe_overflow_concentric_impassable, dk_noncrumbling_4,
          minmay_shop_grid_forest, chequers_jeans
D:6:      layout_loops_ring, minmay_temple_entry_arrows,
          dreamdust_mushroom_princess, glass_columns_b
D:7:      layout_loops_ring, kennysheep_ying_yang, serial_shops, shop,
          nicolae_hexahallways
D:8:      layout_gridville, uniq_erica
D:9:      layout_roguey, lair_entry_dummy, zombieorc2_lemuel,
          ebering_ghost_reflecting_pool, serial_bayou_ford_a, uniq_pikel
D:10:     layout_rooms, lemuel_crystal_altar, serial_shops, shop, uniq_amaemon,
          uniq_joseph, uniq_snorg
D:11:     layout_irregular_city, serial_bayou_pond_c, uniq_sonja
D:12:     thingy_vault, layout_basic, corexii_hall_statues_x
D:13:     cross_vault, layout_rooms, minmay_stone_trees_medium,
          lemuel_freeze_loot_1
D:14:     layout_loops_ring, erik_vaults_2
D:15:     gammafunk_depths_entry_grave, layout_gridville,
          ebering_dispersal_statue_hall, nicolae_trove_entry_columns,
          amcnicky_mini_pool_small, small_chamber_with_monster, uniq_rupert,
          uniq_nessos
Lair:1:   layout_loops_ring, uniq_maggie
Lair:2:   layout_concentric_octagons, grunt_megastairs_1, lemuel_fruit_tree
Lair:3:   layout_small_grid, minmay_swamp_entry_worms,
          hellmonk_spider_entry_not_the_bees
Lair:4:   layout_regular_city, beast_lair_carwin_2, lemuel_fruit_fields
Lair:5:   hangedman_lair_in_review, layout_big_grid,
          hangedman_lair_caniforms_friends, slime_entry_2, enter_volcano_2,
          st_stairs_11
Swamp:1:  layout_basic_swamp, nicolae_swamp_little_tower, swamp_pool2
Swamp:2:  layout_falls_marsh, nicolae_swamp_treefoil, swamp_pool1,
          infiniplex_staircase_pool
Swamp:3:  layout_basic_swamp, evilmike_swamp_ruin_house_3, swamp_pool5,
          nicolae_swamp_oklob_treasure_island
Spider:1: layout_chambers, nicolae_spider_not_touching_you
Spider:2: nicolae_spider_hilbert_zone_6 [nicolae_spider_hilbert_4_sides_1_open,
          nicolae_spider_hilbert_4_sides_1_open,
          nicolae_spider_hilbert_4_sides_1_open,
          nicolae_spider_hilbert_4_sides_1_open,
          nicolae_spider_hilbert_4_sides_1_open,
          nicolae_spider_hilbert_4_sides_1_open,
          nicolae_spider_hilbert_4_sides_1_open]
Spider:3: layout_spider_delve, uniq_bai_suzhen, uniq_mlioglotl, uniq_mara
Orc:1:    layout_caves
Orc:2:    st_orc_open, layout_diamond_mine

Skill      XL: |  1  2  3  4  5  6  7  8  9 10 11 12 13 14 15 16 17 |
---------------+----------------------------------------------------+-----
Axes           | 2 3 5 6 8 9 10 11 12 14 15 16 17 | 17.0
Fighting       | 5 7 8 9 10 11 12 13 | 13.0
Invocations    | 3 4 6 9 10 | 10.0
Dodging        | 1 3 4 |  4.0
Throwing       | 2 3 4 5 7 |  7.0
Armour         | 4 6 7 8 10 11 12 13 15 | 15.6
Shields        | 4 5 6 11 12 13 16 17 | 17.3

Action                   |  1- 3 |  4- 6 |  7- 9 | 10-12 | 13-15 | 16-18 || total
-------------------------+-------+-------+-------+-------+-------+-------++-------
Melee: War axe           |   103 |    71 |   311 |   485 |  1098 |   412 ||  2480
       Morningstar       |       |       |       |    10 |    40 |       ||    50
       Hand axe          |       |       |       |       |     7 |     5 ||    12
       Broad axe         |       |       |       |       |       |   752 ||   752
Throw: Boomerang         |       |       |    19 |     8 |    48 |    44 ||   119
       Javelin           |       |       |    20 |    77 |    79 |    95 ||   271
Invok: Heroism           |       |       |    20 |    19 |    42 |    38 ||   119
       Finesse           |       |       |       |     1 |    16 |    11 ||    28
  Use: Scroll            |     7 |     6 |     5 |     9 |    15 |     8 ||    50
       Potion            |       |     2 |     1 |     2 |     3 |     3 ||    11
 Stab: Petrified         |       |       |       |       |     2 |       ||     2
       Confused          |       |       |       |       |       |     2 ||     2
Armor: Scale mail        |    40 |     5 |       |       |       |       ||    45
       Chain mail        |       |    17 |   125 |       |       |       ||   142
       Plate armour      |       |       |    12 |   191 |   410 |   251 ||   864
       Crystal plate arm |       |       |       |       |       |   103 ||   103
Dodge: Dodged            |    29 |    18 |    82 |   187 |   383 |   273 ||   972
Block: Buckler           |    45 |    29 |   122 |   237 |    19 |       ||   452
       Reflection        |       |     1 |     6 |     1 |    35 |    32 ||    75
       Kite shield       |       |       |       |       |   858 |    45 ||   903
       Tower shield      |       |       |       |       |       |  1125 ||  1125

Table legend:
 A = Non-vault XP
 B = Vault XP
 C = Vault XP percentage of total XP
 D = Non-vault monster count
 E = Vault monster count
 F = Vault count percentage of total count
                 A         B        C        D         E       F
            +---------+---------+-------+---------+---------+-------
      Total |  172690 |   80455 |  31.8 |     648 |     240 |  27.0
            +---------+---------+-------+---------+---------+-------
        D:1 |      25 |       8 |  24.2 |      14 |       3 |  17.6
        D:2 |      35 |       0 |   0.0 |      17 |       0 |   0.0
        D:3 |      21 |       0 |   0.0 |      11 |       0 |   0.0
        D:4 |      56 |     297 |  84.1 |       8 |       7 |  46.7
        D:5 |     792 |       0 |   0.0 |      31 |       0 |   0.0
        D:6 |    1194 |       0 |   0.0 |      25 |       0 |   0.0
        D:7 |    1844 |       0 |   0.0 |      36 |       0 |   0.0
        D:8 |    2692 |     860 |  24.2 |      21 |       1 |   4.5
        D:9 |    3902 |    2151 |  35.5 |      21 |      36 |  63.2
       D:10 |    2751 |    1802 |  39.6 |      14 |       3 |  17.6
       D:11 |    4067 |     269 |   6.2 |       9 |       1 |  10.0
       D:12 |   10132 |    8442 |  45.5 |      25 |      16 |  39.0
       D:13 |    9431 |    5578 |  37.2 |      20 |       6 |  23.1
       D:14 |   11248 |    6897 |  38.0 |      25 |       8 |  24.2
       D:15 |    6464 |    8439 |  56.6 |      17 |      11 |  39.3
     Lair:1 |    9601 |     404 |   4.0 |      38 |       1 |   2.6
     Lair:2 |    5943 |     812 |  12.0 |      33 |       4 |  10.8
     Lair:3 |    2529 |     816 |  24.4 |       7 |       6 |  46.2
     Lair:4 |   11282 |    1990 |  15.0 |      30 |       6 |  16.7
     Lair:5 |   11236 |   18548 |  62.3 |      28 |      75 |  72.8
    Swamp:1 |   11345 |       0 |   0.0 |      24 |       0 |   0.0
    Swamp:2 |    6021 |       0 |   0.0 |      16 |       0 |   0.0
    Swamp:3 |    9002 |     955 |   9.6 |      14 |       4 |  22.2
   Spider:1 |   19009 |    2488 |  11.6 |      60 |       4 |   6.2
   Spider:2 |   17682 |    4858 |  21.6 |      47 |      11 |  19.0
   Spider:3 |   11139 |       0 |   0.0 |      26 |       0 |   0.0
      Orc:1 |    1066 |       0 |   0.0 |      14 |       0 |   0.0
      Orc:2 |    2181 |   14841 |  87.2 |      17 |      37 |  68.5
            +---------+---------+-------+---------+---------+-------
